WCHLSIM.com - West Coast Hockey League
html PUBLIC "-//W3C//DTD XHTML 1.0 Transitional//EN" "http://www.w3.org/TR/xhtml1/DTD/xhtml1-transitional.dtd"> WCHL - Game 643 - WINNIPEG BEAVERS vs LOS ANGELES SEALS

WINNIPEG BEAVERS vs LOS ANGELES SEALS

Created - 19 janvier 2023 at 08:06

Goals
1 2 3 T
WINNIPEG BEAVERS 2 0 1 3
LOS ANGELES SEALS 0 0 1 1
Shots
1 2 3 T
WINNIPEG BEAVERS 11 3 7 21
LOS ANGELES SEALS 11 9 16 36

1st period

1. WINNIPEG BEAVERS , Sam Bennett 9 (Victor Hedman 21) at 0:12
2. WINNIPEG BEAVERS , Tom Wilson 10 (Sam Bennett 25, Victor Hedman 22) at 1:35

Penalties :
Victor Hedman (WIN) for Hooking (Minor) at 7:48, Rasmus Ristolainen (WIN) for Roughing (Double Minor) at 19:17

2nd period

No Goal

Penalties :
Brandon Tanev (WIN) for Hooking (Minor) at 9:35, Brandon Carlo (LOS) for Hooking (Minor) at 12:57

3rd period

3. LOS ANGELES SEALS , Dylan Strome 12 (Nikita Kucherov 23, Noah Dobson 17) at 0:34
4. WINNIPEG BEAVERS , Alexander DeBrincat 15 (Sam Bennett 26, Tom Wilson 9) at 16:01

Penalties :
Nicolas Roy (LOS) for Interference (Minor) at 16:36, Rasmus Ristolainen (WIN) for Tripping (Minor) at 16:36, Rasmus Ristolainen (WIN) for Hooking (Minor) at 18:37

Goalie Stats

Logan Thompson (WIN), 35 saves from 36 shots - (0,972), W, 1-0-0, 60:00 minutes
Linus Ullmark (LOS), 18 saves from 21 shots - (0,857), L, 18-10-4, 60:00 minutes

Players Stats for WINNIPEG BEAVERS

Player Name              G  A  P  +/- PIM S  H  SB GA TA FO     MP     PP MP  PK MP  
------------------------------------------------------------------------------------
Alexander DeBrincat      1  0  1   2  0   1  0  0  0  0  1/6    19:32   0:35   0:59 
Alexander Kerfoot        0  0  0   0  0   3  1  2  0  0  7/16   18:41   1:24   0:44 
Alexander Radulov        0  0  0   0  0   0  1  0  0  0  0/0    17:17   1:24   0:00 
Brandon Tanev            0  0  0   0  2   0  0  0  0  0  0/2    11:44   0:00   0:00 
Caleb Jones              0  0  0   0  0   1  0  2  0  0  0/0    20:50   1:24   1:58 
Carson Soucy             0  0  0   0  0   1  0  0  0  0  0/0     6:19   0:00   1:01 
Chris Tanev              0  0  0   0  0   0  0  1  0  0  0/0    23:41   0:35   5:00 
Corey Schueneman         0  0  0   2  0   0  4  0  0  0  0/0    23:03   0:00   3:18 
Joe Thornton             0  0  0   0  0   0  0  0  0  0  6/9     7:56   0:00   4:05 
Ondrej Palat             0  0  0   0  0   5  0  0  0  0  0/0    23:03   1:24   3:47 
Rasmus Ristolainen       0  0  0   0  8   1  7  1  0  0  0/0    20:33   1:24   2:08 
Sam Bennett              1  2  3   2  0   3  0  0  0  0  11/15  19:41   0:35   0:01 
Sam Lafferty             0  0  0   0  0   0  0  0  0  0  0/0     0:00   0:00   0:00 
Sean Kuraly              0  0  0   0  0   2  0  0  0  0  12/23  16:59   0:00   5:14 
Steven Lorentz           0  0  0   0  0   0  0  0  0  0  0/0     3:06   0:00   0:00 
Tom Wilson               1  1  2   2  0   2  2  0  0  0  1/2    21:48   0:35   5:14 
Tyler Ennis              0  0  0   0  0   1  0  0  0  0  0/0    11:45   0:00   0:00 
Victor Hedman            0  2  2   2  2   1  2  1  0  0  0/0    22:39   0:35   3:47 

Players Stats for LOS ANGELES SEALS

Player Name              G  A  P  +/- PIM S  H  SB GA TA FO     MP     PP MP  PK MP  
------------------------------------------------------------------------------------
Brady Skjei              0  0  0  -3  0   1  1  1  0  0  0/0    25:06   5:07   0:58 
Brandon Carlo            0  0  0   0  2   0  2  1  0  0  0/0    14:48   0:00   0:00 
Christian Dvorak         0  0  0   0  0   3  0  0  0  0  6/10   11:49   0:00   0:00 
Connor Brown             0  0  0   0  0   3  0  0  0  0  1/1    17:06   4:12   0:00 
Dylan Strome             1  0  1  -1  0   4  1  0  0  0  14/25  20:27   3:41   0:00 
Filip Hronek             0  0  0   1  0   1  2  0  0  0  0/0    16:13   0:00   1:21 
Gustav Nyquist           0  0  0  -1  0   1  1  1  0  0  0/0    22:24   5:38   0:00 
Jakub Voracek            0  0  0  -1  0   4  2  0  0  0  0/1    17:36   5:38   0:00 
Marcus Pettersson        0  0  0   0  0   0  0  0  0  0  0/0    15:33   0:00   0:44 
Matthew Boldy            0  0  0  -1  0   4  1  0  0  0  0/1    16:05   3:41   0:26 
Mikael Backlund          0  0  0  -1  0   3  2  0  0  0  5/15   14:26   0:00   1:23 
Nick Bonino              0  0  0   0  0   0  0  0  0  0  4/7     8:01   0:00   0:57 
Nicolas Roy              0  0  0   0  2   3  1  0  0  0  3/9    18:02   5:38   0:36 
Nikita Kucherov          0  1  1  -1  0   6  1  0  0  0  2/3    19:33   3:41   0:00 
Noah Dobson              0  1  1   1  0   1  1  1  0  0  0/0    22:50   5:07   0:55 
Philip Tomasino          0  0  0   0  0   0  0  0  0  0  0/0     7:04   0:00   0:00 
Ryan Lomberg             0  0  0   0  0   2  1  0  0  0  0/1     7:40   0:00   0:36 
Torey Krug               0  0  0  -3  0   0  0  0  0  0  0/0    21:17   4:12   0:00 

3 Stars

1 - Sam Bennett (WIN)
2 - Logan Thompson (WIN)
3 - Tom Wilson (WIN)

Power Play

WINNIPEG BEAVERS - 0 on 1 Attempt(s) - 0,00%
LOS ANGELES SEALS - 0 on 5 Attempt(s) - 0,00%

Penalty Kill

WINNIPEG BEAVERS - 5 on 5 Attempt(s) - 100,00% - Score 0 goal in Penalty Kill
LOS ANGELES SEALS - 1 on 1 Attempt(s) - 100,00% - Score 0 goal in Penalty Kill

Team Stat

WINNIPEG BEAVERS - Hits : 17 - Faceoff Wins : 38 - Blocked Shots : 7 - Penalty Minutes : 12
LOS ANGELES SEALS - Hits : 16 - Faceoff Wins : 35 - Blocked Shots : 4 - Penalty Minutes : 4

Official

Referees : Ghislain Hebert and Garrett Rank
Linesman : Trent Knorr and Luke Murray

Game Notes

Carson Soucy is injured at 19:28 of 1st period (Sprained Right Knee)

Finance

Level 1 -- Attendance: 6000 (100,00%) -- Ticket Income 900 000 $
Level 2 -- Attendance: 5000 (100,00%) -- Ticket Income 495 000 $
Level 3 -- Attendance: 2000 (100,00%) -- Ticket Income 168 000 $
Level 4 -- Attendance: 3642 (91,05%) -- Ticket Income 291 360 $
Luxury Box -- Attendance: 1000 (100,00%) -- Ticket Income 300 000 $
Total Attendance: 17642 (98,01%)
Total Ticket Income: 2 154 360 $
Other Expense: 21 544 $
Total Income: 2 132 816 $

WINNIPEG BEAVERS

5 vs 5 Forward 
   Center                   Left Wing                Right Wing               Time % Phy DF OF 
 1 Sam Bennett              Alexander DeBrincat      Tom Wilson               36     1   2  2  
 2 Alexander Kerfoot        Ondrej Palat             Alexander Radulov        31     1   2  2  
 3 Sean Kuraly              Brandon Tanev            Tyler Ennis              23     1   2  2  
 4 Joe Thornton             Steven Lorentz           Sam Bennett              10     1   2  2  

5 vs 5 Defense 
   Defense                  Defense                                           Time % Phy DF OF 
 1 Victor Hedman            Corey Schueneman                                  34     1   2  2  
 2 Chris Tanev              Rasmus Ristolainen                                33     1   2  2  
 3 Caleb Jones              Carson Soucy                                      25     1   2  2  
 4 Victor Hedman            Chris Tanev                                       8      1   2  2  

PowerPlay Forward 
   Center                   Left Wing                Right Wing               Time % Phy DF OF 
 1 Sam Bennett              Alexander DeBrincat      Tom Wilson               52     1   2  2  
 2 Alexander Kerfoot        Ondrej Palat             Alexander Radulov        48     1   2  2  

PowerPlay Defense
   Defense                  Defense                                           Time % Phy DF OF 
 1 Victor Hedman            Chris Tanev                                       52     1   2  2  
 2 Rasmus Ristolainen       Caleb Jones                                       48     1   2  2  

Penalty Kill 4 Players Forward 
   Center                   Wing                     Time % Phy DF OF 
 1 Sean Kuraly              Tom Wilson               50     1   2  2  
 2 Joe Thornton             Ondrej Palat             50     1   2  2  

Penalty Kill 4 Players Defense
   Defense                  Defense                  Time % Phy DF OF 
 1 Victor Hedman            Chris Tanev              50     1   2  2  
 2 Rasmus Ristolainen       Carson Soucy             50     1   2  2  

Penalty Kill - 3 Players Forward 
   Forward                                           Time % Phy DF OF 
 1 Sam Bennett                                       55     1   2  2  
 2 Tom Wilson                                        45     1   2  2  

Penalty Kill - 3 Players Defense
   Defense                  Defense                  Time % Phy DF OF 
 1 Victor Hedman            Chris Tanev              55     1   2  2  
 2 Rasmus Ristolainen       Carson Soucy             45     1   2  2  

4 vs 4 Forward 
   Center                   Wing                     Time % Phy DF OF 
 1 Sam Bennett              Tom Wilson               50     1   2  2  
 2 Alexander DeBrincat      Ondrej Palat             50     1   2  2  

4 vs 4 Defense
   Defense                  Defense                  Time % Phy DF OF 
 1 Victor Hedman            Chris Tanev              50     1   2  2  
 2 Rasmus Ristolainen       Carson Soucy             50     1   2  2  

Last Minutes Offensive
   Center                   Left Wing                Right Wing               Defense                  Defense                  
   Sam Bennett              Alexander DeBrincat      Tom Wilson               Victor Hedman            Chris Tanev              

Last Minutes Defensive
   Center                   Left Wing                Right Wing               Defense                  Defense                  
   Sam Bennett              Alexander DeBrincat      Tom Wilson               Victor Hedman            Chris Tanev              

Goaltenders
Starting : Logan Thompson           
Backup : Anton Forsberg           

Extra Forwards
Normal : Sam Lafferty, Sean Kuraly, Joe Thornton - PP : Sam Lafferty, Sean Kuraly - PK : Joe Thornton
Extra Defensemen
Normal : Caleb Jones, Corey Schueneman, Rasmus Ristolainen - PP : Caleb Jones - PK : Corey Schueneman, Rasmus Ristolainen
Penalty Shots
Sam Bennett, Tom Wilson, Alexander DeBrincat, Ondrej Palat, Alexander Kerfoot
Custom OT Lines Forwards
Sam Bennett, Tom Wilson, Alexander DeBrincat, Ondrej Palat, Alexander Kerfoot, Sean Kuraly, Alexander Radulov, Joe Thornton, Brandon Tanev, Tyler Ennis
Custom OT Lines Defensemen
Victor Hedman, Chris Tanev, Rasmus Ristolainen, Carson Soucy, Caleb Jones

Scratches
Braden Holtby (Suspend)

LOS ANGELES SEALS

5 vs 5 Forward 
   Center                   Left Wing                Right Wing               Time % Phy DF OF 
 1 Dylan Strome             Gustav Nyquist           Nikita Kucherov          34     1   2  2  
 2 Mikael Backlund          Matthew Boldy            Jakub Voracek            26     1   2  2  
 3 Christian Dvorak         Nicolas Roy              Connor Brown             26     1   2  2  
 4 Nick Bonino              Ryan Lomberg             Philip Tomasino          14     1   2  2  

5 vs 5 Defense 
   Defense                  Defense                                           Time % Phy DF OF 
 1 Torey Krug               Brady Skjei                                       36     1   2  2  
 2 Noah Dobson              Filip Hronek                                      31     1   2  2  
 3 Brandon Carlo            Marcus Pettersson                                 23     1   2  2  
 4 Noah Dobson              Brady Skjei                                       10     1   2  2  

PowerPlay Forward 
   Center                   Left Wing                Right Wing               Time % Phy DF OF 
 1 Dylan Strome             Matthew Boldy            Nikita Kucherov          55     1   2  2  
 2 Nicolas Roy              Gustav Nyquist           Jakub Voracek            45     1   2  2  

PowerPlay Defense
   Defense                  Defense                                           Time % Phy DF OF 
 1 Torey Krug               Connor Brown                                      55     1   2  2  
 2 Noah Dobson              Brady Skjei                                       45     1   2  2  

Penalty Kill 4 Players Forward 
   Center                   Wing                     Time % Phy DF OF 
 1 Mikael Backlund          Nick Bonino              55     1   2  2  
 2 Nicolas Roy              Ryan Lomberg             45     1   2  2  

Penalty Kill 4 Players Defense
   Defense                  Defense                  Time % Phy DF OF 
 1 Noah Dobson              Brady Skjei              55     1   2  2  
 2 Filip Hronek             Brandon Carlo            45     1   2  2  

Penalty Kill - 3 Players Forward 
   Forward                                           Time % Phy DF OF 
 1 Mikael Backlund                                   55     1   2  2  
 2 Nicolas Roy                                       45     1   2  2  

Penalty Kill - 3 Players Defense
   Defense                  Defense                  Time % Phy DF OF 
 1 Torey Krug               Brady Skjei              55     1   2  2  
 2 Noah Dobson              Filip Hronek             45     1   2  2  

4 vs 4 Forward 
   Center                   Wing                     Time % Phy DF OF 
 1 Mikael Backlund          Connor Brown             55     1   2  2  
 2 Nicolas Roy              Gustav Nyquist           45     1   2  2  

4 vs 4 Defense
   Defense                  Defense                  Time % Phy DF OF 
 1 Torey Krug               Brady Skjei              55     1   2  2  
 2 Noah Dobson              Filip Hronek             45     1   2  2  

Last Minutes Offensive
   Center                   Left Wing                Right Wing               Defense                  Defense                  
   Mikael Backlund          Gustav Nyquist           Nikita Kucherov          Torey Krug               Brady Skjei              

Last Minutes Defensive
   Center                   Left Wing                Right Wing               Defense                  Defense                  
   Mikael Backlund          Gustav Nyquist           Nikita Kucherov          Torey Krug               Brady Skjei              

Goaltenders
Starting : Linus Ullmark            
Backup : Cal Petersen             

Extra Forwards
Normal : Connor Brown, Dylan Strome, Matthew Boldy - PP : Connor Brown, Dylan Strome - PK : Matthew Boldy
Extra Defensemen
Normal : Brandon Carlo, Marcus Pettersson, Noah Dobson - PP : Brandon Carlo - PK : Marcus Pettersson, Noah Dobson
Penalty Shots
Nikita Kucherov, Mikael Backlund, Jakub Voracek, Gustav Nyquist, Nicolas Roy
Custom OT Lines Forwards
Nikita Kucherov, Mikael Backlund, Jakub Voracek, Gustav Nyquist, Nicolas Roy, Nick Bonino, Connor Brown, Dylan Strome, Matthew Boldy, Christian Dvorak
Custom OT Lines Defensemen
Torey Krug, Brady Skjei, Noah Dobson, Filip Hronek, Brandon Carlo

Scratches
Kyle Clifford (Healthy), Dean Kukan (Healthy), Juho Lammikko (Healthy), Owen Tippett (Sprained Right Knee Injury)

% Time on Ice - WINNIPEG BEAVERS

Lines # - Real PCT - Wanted PCT - Time Play
Normal Forward
1 - 34% - 36% - 15:59
2 - 34% - 31% - 15:53
3 - 25% - 23% - 11:45
4 - 7% - 10% - 3:06
Normal Defense
1 - 27% - 34% - 12:49
2 - 26% - 33% - 12:16
3 - 36% - 25% - 16:44
4 - 10% - 8% - 4:54
PP Forward
1 - 29% - 52% - 0:35
2 - 71% - 48% - 1:24
PP Defense
1 - 29% - 52% - 0:35
2 - 71% - 48% - 1:24
PK Forward
1 - 56% - 50% - 5:14
2 - 44% - 50% - 4:05
PK Defense
1 - 22% - 50% - 2:05
2 - 78% - 50% - 7:14
PK3 Forward
1 - 0% - 55%
2 - 0% - 45%
PK3 Defense
1 - 0% - 55%
2 - 0% - 45%
44 Forward
1 - 0% - 50% - 0:00
2 - 100% - 50% - 1:59
44 Defense
1 - 0% - 50% - 0:00
2 - 100% - 50% - 1:59
Last Minute Offensive  - 0:00
Last Minute Defensive  - 0:00
Total
Forward - 60:00
Defense - 60:00

% Time on Ice - LOS ANGELES SEALS

Lines # - Real PCT - Wanted PCT - Time Play
Normal Forward
1 - 34% - 34% - 15:52
2 - 26% - 26% - 11:58
3 - 25% - 26% - 11:49
4 - 15% - 14% - 7:04
Normal Defense
1 - 34% - 36% - 16:00
2 - 30% - 31% - 13:58
3 - 32% - 23% - 14:49
4 - 4% - 10% - 1:56
PP Forward
1 - 40% - 55% - 3:41
2 - 60% - 45% - 5:38
PP Defense
1 - 45% - 55% - 4:12
2 - 55% - 45% - 5:07
PK Forward
1 - 70% - 55% - 1:23
2 - 30% - 45% - 0:36
PK Defense
1 - 32% - 55% - 0:38
2 - 68% - 45% - 1:21
PK3 Forward
1 - 0% - 55%
2 - 0% - 45%
PK3 Defense
1 - 0% - 55%
2 - 0% - 45%
44 Forward
1 - 55% - 55% - 1:05
2 - 45% - 45% - 0:54
44 Defense
1 - 55% - 55% - 1:05
2 - 45% - 45% - 0:54
Last Minute Offensive  - 0:00
Last Minute Defensive  - 0:00
Total
Forward - 60:00
Defense - 60:00

Play-by-Play

1st period


0:01 of 1st period - Sam Bennett wins face-off versus Dylan Strome in neutral zone.
0:03 of 1st period - Victor Hedman is hit by Gustav Nyquist and loses puck.
0:12 of 1st period - Shot by Sam Bennett.
0:12 of 1st period - Goal by Sam Bennett - WINNIPEG BEAVERS : 1 - LOS ANGELES SEALS : 0.
0:13 of 1st period - Mikael Backlund wins face-off versus Alexander Kerfoot in neutral zone.
0:38 of 1st period - Shot by Jakub Voracek.
0:38 of 1st period - Stopped by Logan Thompson with a rebound.
0:40 of 1st period - Shot by Mikael Backlund.
0:40 of 1st period - Stopped by Logan Thompson without a rebound.
0:41 of 1st period - Christian Dvorak wins face-off versus Sean Kuraly in WINNIPEG BEAVERS zone.
0:54 of 1st period - Shot by Christian Dvorak.
0:54 of 1st period - Deflect By Nicolas Roy.
0:54 of 1st period - Shot Blocked by Caleb Jones.
1:12 of 1st period - Shot by Christian Dvorak.
1:12 of 1st period - Stopped by Logan Thompson without a rebound.
1:13 of 1st period - Sam Bennett wins face-off versus Dylan Strome in WINNIPEG BEAVERS zone.
1:33 of 1st period - Shot by Sam Bennett.
1:33 of 1st period - Shot Misses the Net.
1:35 of 1st period - Shot by Tom Wilson.
1:35 of 1st period - Goal by Tom Wilson - WINNIPEG BEAVERS : 2 - LOS ANGELES SEALS : 0.
1:36 of 1st period - Nick Bonino wins face-off versus Alexander Kerfoot in neutral zone.
2:07 of 1st period - Shot by Ryan Lomberg.
2:07 of 1st period - Shot Misses the Net.
2:09 of 1st period - Shot by Filip Hronek.
2:09 of 1st period - Deflect By Philip Tomasino.
2:09 of 1st period - Shot Misses the Net.
3:09 of 1st period - Shot by Nikita Kucherov.
3:09 of 1st period - Shot Misses the Net.
3:18 of 1st period - Icing by Torey Krug.
3:19 of 1st period - Sean Kuraly wins face-off versus Dylan Strome in LOS ANGELES SEALS zone.
3:48 of 1st period - Caleb Jones is hit by Dylan Strome and loses puck.
3:59 of 1st period - Brandon Tanev is hit by Mikael Backlund and loses puck.
4:24 of 1st period - Mikael Backlund is hit by Victor Hedman and loses puck.
5:03 of 1st period - Shot by Christian Dvorak.
5:03 of 1st period - Stopped by Logan Thompson with a rebound.
5:05 of 1st period - Shot by Nicolas Roy.
5:05 of 1st period - Shot Misses the Net.
5:10 of 1st period - Connor Brown is hit by Corey Schueneman and loses puck.
6:12 of 1st period - Ondrej Palat is hit by Brandon Carlo.
6:20 of 1st period - Shot by Ondrej Palat.
6:20 of 1st period - Stopped by Linus Ullmark without a rebound.
6:21 of 1st period - Mikael Backlund wins face-off versus Sean Kuraly in LOS ANGELES SEALS zone.
7:12 of 1st period - Icing by Caleb Jones.
7:13 of 1st period - Sean Kuraly wins face-off versus Christian Dvorak in WINNIPEG BEAVERS zone.
7:15 of 1st period - Icing by Brandon Tanev.
7:16 of 1st period - Christian Dvorak wins face-off versus Brandon Tanev in WINNIPEG BEAVERS zone.
7:48 of 1st period - Minor Penalty to Victor Hedman for Hooking.
7:49 of 1st period - Nikita Kucherov wins face-off versus Joe Thornton in WINNIPEG BEAVERS zone.
7:54 of 1st period - Shot by Dylan Strome.
7:54 of 1st period - Stopped by Logan Thompson without a rebound.
7:55 of 1st period - Sean Kuraly wins face-off versus Nikita Kucherov in WINNIPEG BEAVERS zone.
8:31 of 1st period - Shot by Matthew Boldy.
8:31 of 1st period - Shot Blocked by Chris Tanev.
8:33 of 1st period - Shot by Nikita Kucherov.
8:33 of 1st period - Shot Misses the Net.
8:35 of 1st period - Shot by Nikita Kucherov.
8:35 of 1st period - Deflect By Dylan Strome.
8:35 of 1st period - Stopped by Logan Thompson without a rebound.
8:36 of 1st period - Sean Kuraly wins face-off versus Nicolas Roy in WINNIPEG BEAVERS zone.
8:42 of 1st period - Icing by Torey Krug.
8:43 of 1st period - Sean Kuraly wins face-off versus Jakub Voracek in LOS ANGELES SEALS zone.
10:06 of 1st period - Brady Skjei is hit by Alexander Radulov and loses puck.
10:15 of 1st period - Shot by Philip Tomasino.
10:15 of 1st period - Deflect By Nick Bonino.
10:15 of 1st period - Shot Blocked by Victor Hedman.
10:17 of 1st period - Shot by Ryan Lomberg.
10:17 of 1st period - Stopped by Logan Thompson without a rebound.
10:18 of 1st period - Sam Bennett wins face-off versus Dylan Strome in WINNIPEG BEAVERS zone.
10:54 of 1st period - Shot by Sam Bennett.
10:54 of 1st period - Stopped by Linus Ullmark without a rebound.
10:55 of 1st period - Sean Kuraly wins face-off versus Nick Bonino in LOS ANGELES SEALS zone.
10:55 of 1st period - Sean Kuraly is hit by Filip Hronek.
11:29 of 1st period - Shot by Ryan Lomberg.
11:29 of 1st period - Shot Misses the Net.
11:31 of 1st period - Shot by Noah Dobson.
11:31 of 1st period - Shot Misses the Net.
11:33 of 1st period - Shot by Filip Hronek.
11:33 of 1st period - Stopped by Logan Thompson without a rebound.
11:34 of 1st period - Sam Bennett wins face-off versus Christian Dvorak in WINNIPEG BEAVERS zone.
13:02 of 1st period - Shot by Alexander Kerfoot.
13:02 of 1st period - Shot Misses the Net.
13:04 of 1st period - Shot by Ondrej Palat.
13:04 of 1st period - Stopped by Linus Ullmark with a rebound.
13:06 of 1st period - Shot by Ondrej Palat.
13:06 of 1st period - Shot Misses the Net.
13:26 of 1st period - Shot by Sean Kuraly.
13:26 of 1st period - Stopped by Linus Ullmark without a rebound.
13:27 of 1st period - Joe Thornton wins face-off versus Dylan Strome in LOS ANGELES SEALS zone.
13:34 of 1st period - Shot by Sam Bennett.
13:34 of 1st period - Shot Blocked by Gustav Nyquist.
13:48 of 1st period - Shot by Dylan Strome.
13:48 of 1st period - Shot Misses the Net.
13:50 of 1st period - Shot by Noah Dobson.
13:50 of 1st period - Stopped by Logan Thompson with a rebound.
14:25 of 1st period - Icing by Sam Bennett.
14:26 of 1st period - Joe Thornton wins face-off versus Mikael Backlund in WINNIPEG BEAVERS zone.
14:46 of 1st period - Shot by Matthew Boldy.
14:46 of 1st period - Shot Misses the Net.
14:50 of 1st period - Shot by Matthew Boldy.
14:50 of 1st period - Shot Hit the Post.
14:52 of 1st period - Shot by Marcus Pettersson.
14:52 of 1st period - Shot Misses the Net.
14:54 of 1st period - Shot by Jakub Voracek.
14:54 of 1st period - Stopped by Logan Thompson without a rebound.
14:55 of 1st period - Nick Bonino wins face-off versus Alexander Kerfoot in WINNIPEG BEAVERS zone.
15:07 of 1st period - Icing by Victor Hedman.
15:08 of 1st period - Alexander Kerfoot wins face-off versus Dylan Strome in WINNIPEG BEAVERS zone.
15:12 of 1st period - Icing by Victor Hedman.
15:13 of 1st period - Dylan Strome wins face-off versus Alexander Kerfoot in WINNIPEG BEAVERS zone.
15:26 of 1st period - Shot by Alexander Kerfoot.
15:26 of 1st period - Stopped by Linus Ullmark without a rebound.
15:27 of 1st period - Sean Kuraly wins face-off versus Mikael Backlund in LOS ANGELES SEALS zone.
15:42 of 1st period - Shot by Tyler Ennis.
15:42 of 1st period - Stopped by Linus Ullmark without a rebound.
15:43 of 1st period - Dylan Strome wins face-off versus Alexander Kerfoot in LOS ANGELES SEALS zone.
15:43 of 1st period - Dylan Strome is hit by Alexander Kerfoot.
16:22 of 1st period - Shot by Nikita Kucherov.
16:22 of 1st period - Stopped by Logan Thompson with a rebound.
16:25 of 1st period - Icing by Corey Schueneman.
16:26 of 1st period - Alexander Kerfoot wins face-off versus Mikael Backlund in WINNIPEG BEAVERS zone.
17:22 of 1st period - Shot by Alexander DeBrincat.
17:22 of 1st period - Shot Blocked by Brady Skjei.
17:33 of 1st period - Icing by Brady Skjei.
17:34 of 1st period - Sean Kuraly wins face-off versus Matthew Boldy in LOS ANGELES SEALS zone.
17:45 of 1st period - Shot by Brandon Tanev.
17:45 of 1st period - Shot Misses the Net.
17:47 of 1st period - Shot by Caleb Jones.
17:47 of 1st period - Shot Misses the Net.
17:49 of 1st period - Shot by Caleb Jones.
17:49 of 1st period - Stopped by Linus Ullmark with a rebound.
17:51 of 1st period - Shot by Carson Soucy.
17:51 of 1st period - Stopped by Linus Ullmark without a rebound.
17:52 of 1st period - Alexander Kerfoot wins face-off versus Dylan Strome in LOS ANGELES SEALS zone.
18:15 of 1st period - Shot by Alexander Kerfoot.
18:15 of 1st period - Stopped by Linus Ullmark without a rebound.
18:16 of 1st period - Sam Bennett wins face-off versus Christian Dvorak in LOS ANGELES SEALS zone.
18:21 of 1st period - Shot by Tom Wilson.
18:21 of 1st period - Shot Misses the Net.
18:36 of 1st period - Nicolas Roy is hit by Rasmus Ristolainen.
18:45 of 1st period - Connor Brown is hit by Rasmus Ristolainen and loses puck.
18:50 of 1st period - Shot by Christian Dvorak.
18:50 of 1st period - Shot Misses the Net.
19:17 of 1st period - Double Minor Penalty to Rasmus Ristolainen for Roughing.
19:18 of 1st period - Joe Thornton wins face-off versus Dylan Strome in WINNIPEG BEAVERS zone.
19:27 of 1st period - Carson Soucy is hit by Nikita Kucherov and loses puck.
19:28 of 1st period - Carson Soucy from WINNIPEG BEAVERS is injured at 19:28 of 1st period (Sprained Right Knee).
19:29 of 1st period - Nicolas Roy wins face-off versus Joe Thornton in WINNIPEG BEAVERS zone.
Goals for this period are 2 for WINNIPEG BEAVERS vs 0 for LOS ANGELES SEALS.
Shots for this period are 11 for WINNIPEG BEAVERS vs 11 for LOS ANGELES SEALS.

2nd period


0:01 of 2nd period - Dylan Strome wins face-off versus Sean Kuraly in neutral zone.
0:42 of 2nd period - Shot by Connor Brown.
0:42 of 2nd period - Stopped by Logan Thompson with a rebound.
0:59 of 2nd period - Off-side.
1:00 of 2nd period - Sean Kuraly wins face-off versus Nicolas Roy in neutral zone.
1:36 of 2nd period - Icing by Brady Skjei.
1:37 of 2nd period - Joe Thornton wins face-off versus Nicolas Roy in LOS ANGELES SEALS zone.
3:02 of 2nd period - Shot by Dylan Strome.
3:02 of 2nd period - Stopped by Logan Thompson with a rebound.
3:04 of 2nd period - Shot by Connor Brown.
3:04 of 2nd period - Deflect By Matthew Boldy.
3:04 of 2nd period - Shot Misses the Net.
3:06 of 2nd period - Shot by Nikita Kucherov.
3:06 of 2nd period - Shot Misses the Net.
3:08 of 2nd period - Shot by Torey Krug.
3:08 of 2nd period - Shot Blocked by Alexander Kerfoot.
3:10 of 2nd period - Shot by Nikita Kucherov.
3:10 of 2nd period - Shot Misses the Net.
3:12 of 2nd period - Shot by Torey Krug.
3:12 of 2nd period - Shot Blocked by Alexander Kerfoot.
3:53 of 2nd period - Icing by Marcus Pettersson.
3:54 of 2nd period - Sam Bennett wins face-off versus Ryan Lomberg in LOS ANGELES SEALS zone.
3:57 of 2nd period - Shot by Alexander DeBrincat.
3:57 of 2nd period - Shot Misses the Net.
4:05 of 2nd period - Shot by Alexander DeBrincat.
4:05 of 2nd period - Shot Misses the Net.
5:07 of 2nd period - Shot by Nikita Kucherov.
5:07 of 2nd period - Stopped by Logan Thompson without a rebound.
5:08 of 2nd period - Alexander Kerfoot wins face-off versus Mikael Backlund in WINNIPEG BEAVERS zone.
5:08 of 2nd period - Alexander Kerfoot is hit by Jakub Voracek.
5:36 of 2nd period - Shot by Matthew Boldy.
5:36 of 2nd period - Stopped by Logan Thompson with a rebound.
5:42 of 2nd period - Shot by Matthew Boldy.
5:42 of 2nd period - Stopped by Logan Thompson with a rebound.
5:44 of 2nd period - Shot by Mikael Backlund.
5:44 of 2nd period - Stopped by Logan Thompson with a rebound.
7:22 of 2nd period - Off-side.
7:23 of 2nd period - Sam Bennett wins face-off versus Mikael Backlund in neutral zone.
7:51 of 2nd period - Jakub Voracek is hit by Tom Wilson and loses puck.
8:08 of 2nd period - Shot by Matthew Boldy.
8:08 of 2nd period - Deflect By Jakub Voracek.
8:08 of 2nd period - Shot Hit the Post.
8:34 of 2nd period - Shot by Connor Brown.
8:34 of 2nd period - Shot Blocked by Caleb Jones.
9:16 of 2nd period - Icing by Caleb Jones.
9:17 of 2nd period - Dylan Strome wins face-off versus Alexander Kerfoot in WINNIPEG BEAVERS zone.
9:35 of 2nd period - Minor Penalty to Brandon Tanev for Hooking.
9:36 of 2nd period - Sean Kuraly wins face-off versus Dylan Strome in WINNIPEG BEAVERS zone.
11:45 of 2nd period - Shot by Sam Bennett.
11:45 of 2nd period - Stopped by Linus Ullmark without a rebound.
11:46 of 2nd period - Sam Bennett wins face-off versus Nick Bonino in LOS ANGELES SEALS zone.
11:46 of 2nd period - Tom Wilson is hit by Brandon Carlo and loses puck.
12:04 of 2nd period - Icing by Caleb Jones.
12:05 of 2nd period - Dylan Strome wins face-off versus Sam Bennett in WINNIPEG BEAVERS zone.
12:21 of 2nd period - Shot by Nikita Kucherov.
12:21 of 2nd period - Stopped by Logan Thompson without a rebound.
12:22 of 2nd period - Nick Bonino wins face-off versus Brandon Tanev in WINNIPEG BEAVERS zone.
12:48 of 2nd period - Shot by Victor Hedman.
12:48 of 2nd period - Shot Misses the Net.
12:50 of 2nd period - Shot by Tyler Ennis.
12:50 of 2nd period - Shot Misses the Net.
12:52 of 2nd period - Shot by Sean Kuraly.
12:52 of 2nd period - Stopped by Linus Ullmark with a rebound.
12:57 of 2nd period - Minor Penalty to Brandon Carlo for Hooking.
12:58 of 2nd period - Alexander Kerfoot wins face-off versus Mikael Backlund in LOS ANGELES SEALS zone.
13:48 of 2nd period - Off-side.
13:49 of 2nd period - Mikael Backlund wins face-off versus Alexander DeBrincat in neutral zone.
14:12 of 2nd period - Shot by Victor Hedman.
14:12 of 2nd period - Stopped by Linus Ullmark without a rebound.
14:13 of 2nd period - Nicolas Roy wins face-off versus Alexander Kerfoot in LOS ANGELES SEALS zone.
15:32 of 2nd period - Shot by Alexander DeBrincat.
15:32 of 2nd period - Shot Misses the Net.
16:20 of 2nd period - Icing by Brandon Carlo.
16:21 of 2nd period - Christian Dvorak wins face-off versus Alexander Kerfoot in LOS ANGELES SEALS zone.
16:32 of 2nd period - Victor Hedman is hit by Nicolas Roy and loses puck.
17:35 of 2nd period - Alexander DeBrincat is hit by Noah Dobson and loses puck.
17:43 of 2nd period - Off-side.
17:44 of 2nd period - Dylan Strome wins face-off versus Sean Kuraly in neutral zone.
18:28 of 2nd period - Shot by Gustav Nyquist.
18:28 of 2nd period - Stopped by Logan Thompson without a rebound.
18:29 of 2nd period - Sam Bennett wins face-off versus Christian Dvorak in WINNIPEG BEAVERS zone.
18:46 of 2nd period - Shot by Nicolas Roy.
18:46 of 2nd period - Stopped by Logan Thompson without a rebound.
18:47 of 2nd period - Alexander Kerfoot wins face-off versus Mikael Backlund in WINNIPEG BEAVERS zone.
18:47 of 2nd period - Alexander Kerfoot is hit by Matthew Boldy.
19:10 of 2nd period - Icing by Rasmus Ristolainen.
19:11 of 2nd period - Dylan Strome wins face-off versus Alexander Kerfoot in WINNIPEG BEAVERS zone.
19:11 of 2nd period - Dylan Strome is hit by Rasmus Ristolainen.
19:30 of 2nd period - Nikita Kucherov is hit by Rasmus Ristolainen and loses puck.
Goals for this period are 0 for WINNIPEG BEAVERS vs 0 for LOS ANGELES SEALS.
Shots for this period are 3 for WINNIPEG BEAVERS vs 9 for LOS ANGELES SEALS.

3rd period


0:01 of 3rd period - Dylan Strome wins face-off versus Tom Wilson in neutral zone.
0:01 of 3rd period - Dylan Strome is hit by Tom Wilson.
0:10 of 3rd period - Shot by Nikita Kucherov.
0:10 of 3rd period - Stopped by Logan Thompson with a rebound.
0:20 of 3rd period - Shot by Dylan Strome.
0:20 of 3rd period - Shot Misses the Net.
0:22 of 3rd period - Shot by Nikita Kucherov.
0:22 of 3rd period - Stopped by Logan Thompson without a rebound.
0:23 of 3rd period - Mikael Backlund wins face-off versus Sean Kuraly in WINNIPEG BEAVERS zone.
0:26 of 3rd period - Shot by Matthew Boldy.
0:26 of 3rd period - Stopped by Logan Thompson without a rebound.
0:27 of 3rd period - Dylan Strome wins face-off versus Alexander DeBrincat in WINNIPEG BEAVERS zone.
0:27 of 3rd period - Nikita Kucherov is hit by Rasmus Ristolainen and loses puck.
0:34 of 3rd period - Shot by Dylan Strome.
0:34 of 3rd period - Goal by Dylan Strome - WINNIPEG BEAVERS : 2 - LOS ANGELES SEALS : 1.
0:35 of 3rd period - Sam Bennett wins face-off versus Dylan Strome in neutral zone.
0:50 of 3rd period - Icing by Sam Bennett.
0:51 of 3rd period - Tom Wilson wins face-off versus Mikael Backlund in WINNIPEG BEAVERS zone.
0:59 of 3rd period - Sam Bennett is hit by Filip Hronek.
1:07 of 3rd period - Shot by Alexander DeBrincat.
1:07 of 3rd period - Shot Blocked by Noah Dobson.
1:25 of 3rd period - Shot by Matthew Boldy.
1:25 of 3rd period - Shot Misses the Net.
1:27 of 3rd period - Shot by Mikael Backlund.
1:27 of 3rd period - Shot Misses the Net.
1:29 of 3rd period - Shot by Mikael Backlund.
1:29 of 3rd period - Stopped by Logan Thompson without a rebound.
1:30 of 3rd period - Dylan Strome wins face-off versus Sean Kuraly in WINNIPEG BEAVERS zone.
1:30 of 3rd period - Nikita Kucherov is hit by Corey Schueneman and loses puck.
1:48 of 3rd period - Dylan Strome is hit by Corey Schueneman and loses puck.
1:56 of 3rd period - Gustav Nyquist is hit by Victor Hedman and loses puck.
2:48 of 3rd period - Shot by Christian Dvorak.
2:48 of 3rd period - Shot Misses the Net.
3:00 of 3rd period - Shot by Ondrej Palat.
3:00 of 3rd period - Stopped by Linus Ullmark with a rebound.
3:06 of 3rd period - Shot by Ondrej Palat.
3:06 of 3rd period - Deflect By Alexander Radulov.
3:06 of 3rd period - Shot Misses the Net.
3:08 of 3rd period - Shot by Alexander Radulov.
3:08 of 3rd period - Shot Blocked by Brandon Carlo.
3:10 of 3rd period - Shot by Ondrej Palat.
3:10 of 3rd period - Stopped by Linus Ullmark with a rebound.
3:12 of 3rd period - Shot by Rasmus Ristolainen.
3:12 of 3rd period - Stopped by Linus Ullmark with a rebound.
3:27 of 3rd period - Icing by Brandon Carlo.
3:28 of 3rd period - Christian Dvorak wins face-off versus Sam Bennett in LOS ANGELES SEALS zone.
4:37 of 3rd period - Icing by Nikita Kucherov.
4:38 of 3rd period - Nikita Kucherov wins face-off versus Sean Kuraly in LOS ANGELES SEALS zone.
4:48 of 3rd period - Shot by Gustav Nyquist.
4:48 of 3rd period - Shot Misses the Net.
5:02 of 3rd period - Brandon Tanev is hit by Brady Skjei and loses puck.
6:13 of 3rd period - Ondrej Palat is hit by Ryan Lomberg and loses puck.
6:52 of 3rd period - Shot by Nicolas Roy.
6:52 of 3rd period - Stopped by Logan Thompson without a rebound.
6:53 of 3rd period - Dylan Strome wins face-off versus Sam Bennett in WINNIPEG BEAVERS zone.
8:06 of 3rd period - Shot by Jakub Voracek.
8:06 of 3rd period - Stopped by Logan Thompson without a rebound.
8:07 of 3rd period - Nicolas Roy wins face-off versus Joe Thornton in WINNIPEG BEAVERS zone.
8:08 of 3rd period - Shot by Connor Brown.
8:08 of 3rd period - Shot Blocked by Rasmus Ristolainen.
8:27 of 3rd period - Icing by Alexander Kerfoot.
8:28 of 3rd period - Joe Thornton wins face-off versus Mikael Backlund in WINNIPEG BEAVERS zone.
8:28 of 3rd period - Joe Thornton is hit by Mikael Backlund.
8:57 of 3rd period - Shot by Matthew Boldy.
8:57 of 3rd period - Stopped by Logan Thompson without a rebound.
8:58 of 3rd period - Christian Dvorak wins face-off versus Sean Kuraly in WINNIPEG BEAVERS zone.
9:05 of 3rd period - Shot by Connor Brown.
9:05 of 3rd period - Stopped by Logan Thompson with a rebound.
9:17 of 3rd period - Shot by Nicolas Roy.
9:17 of 3rd period - Shot Misses the Net.
9:19 of 3rd period - Shot by Brady Skjei.
9:19 of 3rd period - Stopped by Logan Thompson without a rebound.
9:20 of 3rd period - Sam Bennett wins face-off versus Dylan Strome in WINNIPEG BEAVERS zone.
9:57 of 3rd period - Shot by Tom Wilson.
9:57 of 3rd period - Shot Misses the Net.
10:46 of 3rd period - Shot by Alexander Kerfoot.
10:46 of 3rd period - Stopped by Linus Ullmark with a rebound.
10:48 of 3rd period - Shot by Ondrej Palat.
10:48 of 3rd period - Stopped by Linus Ullmark with a rebound.
11:55 of 3rd period - Connor Brown is hit by Rasmus Ristolainen.
12:01 of 3rd period - Shot by Connor Brown.
12:01 of 3rd period - Stopped by Logan Thompson with a rebound.
12:48 of 3rd period - Shot by Ryan Lomberg.
12:48 of 3rd period - Stopped by Logan Thompson without a rebound.
12:49 of 3rd period - Dylan Strome wins face-off versus Alexander DeBrincat in WINNIPEG BEAVERS zone.
14:08 of 3rd period - Shot by Jakub Voracek.
14:08 of 3rd period - Shot Misses the Net.
14:21 of 3rd period - Icing by Brandon Tanev.
14:22 of 3rd period - Nick Bonino wins face-off versus Sean Kuraly in WINNIPEG BEAVERS zone.
14:36 of 3rd period - Icing by Brandon Carlo.
14:37 of 3rd period - Alexander Kerfoot wins face-off versus Nick Bonino in LOS ANGELES SEALS zone.
15:25 of 3rd period - Mikael Backlund is hit by Corey Schueneman and loses puck.
15:49 of 3rd period - Shot by Alexander DeBrincat.
15:49 of 3rd period - Deflect By Tom Wilson.
15:49 of 3rd period - Stopped by Linus Ullmark with a rebound.
16:01 of 3rd period - Shot by Alexander DeBrincat.
16:01 of 3rd period - Goal by Alexander DeBrincat - WINNIPEG BEAVERS : 3 - LOS ANGELES SEALS : 1.
16:02 of 3rd period - Christian Dvorak wins face-off versus Sean Kuraly in neutral zone.
16:05 of 3rd period - Shot by Christian Dvorak.
16:05 of 3rd period - Stopped by Logan Thompson without a rebound.
16:06 of 3rd period - Connor Brown wins face-off versus Sam Bennett in WINNIPEG BEAVERS zone.
16:12 of 3rd period - Christian Dvorak is hit by Rasmus Ristolainen and loses puck.
16:35 of 3rd period - Shot by Nicolas Roy.
16:35 of 3rd period - Stopped by Logan Thompson with a rebound.
16:36 of 3rd period - Minor Penalty to Nicolas Roy for Interference.
16:36 of 3rd period - Minor Penalty to Rasmus Ristolainen for Tripping.
16:37 of 3rd period - Alexander DeBrincat wins face-off versus Mikael Backlund in WINNIPEG BEAVERS zone.
16:41 of 3rd period - Off-side.
16:42 of 3rd period - Mikael Backlund wins face-off versus Alexander DeBrincat in neutral zone.
16:49 of 3rd period - Shot by Mikael Backlund.
16:49 of 3rd period - Shot Misses the Net.
17:18 of 3rd period - Icing by Ondrej Palat.
17:19 of 3rd period - Dylan Strome wins face-off versus Alexander DeBrincat in WINNIPEG BEAVERS zone.
17:32 of 3rd period - Shot by Gustav Nyquist.
17:32 of 3rd period - Shot Misses the Net.
18:24 of 3rd period - Shot by Mikael Backlund.
18:24 of 3rd period - Shot Misses the Net.
18:37 of 3rd period - Minor Penalty to Rasmus Ristolainen for Hooking.
18:38 of 3rd period - Dylan Strome wins face-off versus Sean Kuraly in WINNIPEG BEAVERS zone.
19:12 of 3rd period - Shot by Matthew Boldy.
19:12 of 3rd period - Deflect By Nikita Kucherov.
19:12 of 3rd period - Stopped by Logan Thompson without a rebound.
19:13 of 3rd period - Sean Kuraly wins face-off versus Nicolas Roy in WINNIPEG BEAVERS zone.
19:13 of 3rd period - Sean Kuraly is hit by Jakub Voracek.
19:20 of 3rd period - Icing by Brady Skjei.
19:21 of 3rd period - Sean Kuraly wins face-off versus Nicolas Roy in LOS ANGELES SEALS zone.
19:31 of 3rd period - Shot by Gustav Nyquist.
19:31 of 3rd period - Deflect By Jakub Voracek.
19:31 of 3rd period - Shot Misses the Net.
19:33 of 3rd period - Shot by Jakub Voracek.
19:33 of 3rd period - Stopped by Logan Thompson without a rebound.
19:34 of 3rd period - Joe Thornton wins face-off versus Nicolas Roy in WINNIPEG BEAVERS zone.
Goals for this period are 1 for WINNIPEG BEAVERS vs 1 for LOS ANGELES SEALS.
Shots for this period are 7 for WINNIPEG BEAVERS vs 16 for LOS ANGELES SEALS.


OWEN
TIPPETT
GUSTAV
FORSLING
MATTHEW
BOLDY

EAST COAST

HOCKEY LEAGUE

  • 67.PIT4RHI2
  • 68.ATL5WOR3
  • 69.QUECHW
  • 70.CHATRV